 Dungeon Sprint DCSS version 0.26-a0-1132-ge9770dfcb6 (webtiles) character file.

Game seed: 804730997346276974

3900 sahdkjhfkaj the Brawler (level 10, -15/110 HPs)
             Began as a Troll Monk on Dec 20, 2020.
             Was the Champion of Cheibriados.
             Demolished by a deep elf archer
             ... wielding a -1 short sword
              (20 damage)
             ... in the Dungeon (Sprint V: "Ziggurat Sprint").
             The game lasted 00:01:41 (555 turns).

sahdkjhfkaj the Brawler (Troll Monk)                 Turns: 555, Time: 00:01:42

Health: -15/110    AC: 21    Str: 51    XL:     10   Next: 0%
Magic:  9/9        EV:  5    Int: 21    God:    Cheibriados [******]
Gold:   0          SH: 27    Dex: 27    Spells: 9/9 levels left

rFire    + . .     SeeInvis .     - Unarmed
rCold    + . .     Faith    .   D - +3 tower shield
rNeg     . . .     Spirit   .   k - +5 gold dragon scales
rPois    +         Reflect  .   (helmet restricted)
rElec    .         Harm     .   (no cloak)
rCorr    .         Rampage  .   (gloves unavailable)
Will     .....     NoTele   +   (boots unavailable)
Stlth    ..........             (no amulet)
HPRegen  0.68/turn              x - +6 ring of strength
MPRegen  0.11/turn              y - +6 ring of strength

@: lethally poisoned (-15 -> -22), very slow
A: large, unfitting armour, claws 3, regeneration 1, shaggy fur 1, tough skin 3
a: Renounce Religion, Bend Time, Temporal Distortion, Slouch, Step From Time


You were in the Dungeon.
You worshipped Cheibriados.
Cheibriados was exalted by your worship.
You visited 1 branch

Inventory:

Armour
 k - +5 gold dragon scales (worn)
 D - a +3 tower shield (worn)
Jewellery
 s - an uncursed ring of flight
 t - a +6 ring of dexterity
 u - a +6 ring of dexterity
 v - a +6 ring of intelligence
 w - a +6 ring of intelligence
 x - a +6 ring of strength (left claw)
 y - a +6 ring of strength (right claw)
 F - the cursed ring of Plog {+Fly rPois Str-4 Int+3 Dex-2}
   (You took it off an orc in the Dungeon)

   [ring of strength]

   It affects your strength (-4).
   It affects your intelligence (+3).
   It affects your dexterity (-2).
   It protects you from poison.
   It lets you fly.
   It has a curse placed upon it.
Wands
 z - a wand of disintegration (7)
 A - a wand of iceblast (7)
 B - a wand of acid (7)
Scrolls
 a - a scroll of brand weapon
 g - 4 scrolls of blinking
 m - 4 scrolls of amnesia
 n - 7 scrolls of fog
 o - a scroll of holy word
 p - 5 scrolls of identify
 q - 5 scrolls of remove curse
 r - 2 scrolls of fear
Potions
 b - 10 potions of curing
 c - 10 potions of heal wounds
 d - 6 potions of haste
 e - 7 potions of magic
 f - 3 potions of berserk rage
 h - 2 potions of brilliance
 i - a potion of invisibility
 j - 3 potions of resistance
 l - 4 potions of might
Miscellaneous
 C - a lightning rod (4/4)
 E - a condenser vane


   Skills:
 + Level 10.3 Fighting
 - Level 2.4 Dodging
 - Level 1.0 Stealth
 + Level 9.9 Shields
 * Level 16.0 Unarmed Combat


You had 9 spell levels left.
You didn't know any spells.
Your spell library was empty.

Dungeon Overview and Level Annotations

Branches:
Dungeon (1/1)

Altars:
Ashenzari
Cheibriados
Dithmenos
Elyvilon
Fedhas
Gozag
Hepliaklqana
Kikubaaqudgha
Makhleb
Nemelex Xobeh
Okawaru
Qazlal
Ru
Sif Muna
Trog
Uskayaw
Vehumet
Wu Jian
Xom
Yredelemnul
Zin
The Shining One
Beogh
Jiyva
Lugonu

Annotations:
D 1 transporter


Innate Abilities, Weirdness & Mutations

You are too large for most types of armour.
You have claws for hands.
Your natural rate of healing is unusually fast.
You are covered in fur. (AC +1)
You have extremely tough skin. (AC +3)


Message History

Unknown command.
Unknown command.
Unknown command.
Unknown command.
The deep elf mage gestures wildly while chanting.
You block the hell rat's attack. You block the redback's attack.
You block the deep elf archer's attack. The demonic crawler hits you.
* * * LOW HITPOINT WARNING * * *
The demonic crawler hits you but does no damage.
You block the demonic crawler's attack. The redback bites you.
* * * LOW HITPOINT WARNING * * *
You are lethally poisoned!
The redback poisons you! You block the earth elemental's attack.
You mangle the deep elf archer!!
The deep elf archer is heavily wounded.
* * * LOW HITPOINT WARNING * * *
You feel sick. You block the demonic crawler's attack.
The demonic crawler hits you but does no damage. x2
The deep elf archer hits you with a -1 short sword!!
You die...

▓▓▓▓▓▓▓▓▓
▓..8©8..▓
▓..:.:..▓
▓..|:}..▓
▓.......▓
▓.§.....▓
▓.r3....▓
▓rees...▓
▓.▓@E(▓.▓
▓...s)..▓
▓▓▓▓▓▓▓▓▓


You could see a demonic crawler (summoned), a deep elf archer (strong, repels
missiles), an earth elemental, a deep elf mage, a sixfirhy (summoned), a redback
(summoned) and 2 hell rats.

Vanquished Creatures
  A deep elf knight (D)
  2 deep elf magi (D)
  A cyclops (D)
  A merfolk (D)
  A jumping spider (D)
  3 wind drakes (D)
  2 spriggans (D)
  A tarantella (D)
  A naga (D)
  A water moccasin (D)
  A black bear (D)
  A wolf (D)
  A centaur (D)
  4 scorpions (D)
  An adder (D)
  3 orcs (D)
  2 ball pythons (D)
27 creatures vanquished.

Notes
Turn   | Place    | Note
-------+----------+-------------------------------------------
     0 | D        | sahdkjhfkaj the Troll Monk began the quest for the Orb.
     0 | D        | Reached XP level 1. HP: 22/22 MP: 0/0
     0 | D        | Found a shimmering blue altar of Sif Muna.
     0 | D        | Found a sacrificial altar of Ru.
     0 | D        | Found a bloodstained altar of Trog.
     0 | D        | Found a stormy altar of Qazlal.
     0 | D        | Found an iron altar of Okawaru.
     0 | D        | Found a sparkling altar of Nemelex Xobeh.
     0 | D        | Found a blossoming altar of Fedhas.
     1 | D        | Found the +6 Majin-Bo {vamp, MP+6 Int+6}
     1 | D        | Found the +9 heavy crossbow "Sniper" {vorpal, Acc+∞ SInv}
     1 | D        | Found the +10 dark maul {vorpal}
     1 | D        | Found the +15 Maxwell's patent armour {-Cast -Tele rElec
                  | Will+ rCorr}
     1 | D        | Found the +18 shield of the Gong {rElec rN+ Will+ EV-5}
     1 | D        | Found the cursed +14 obsidian axe {vorpal, +Fly SInv
                  | *Curse}
     1 | D        | Found the +7 great mace "Firestarter" {inner flame, rF++}
     1 | D        | Found the +6 shillelagh "Devastator" {shatter}
     1 | D        | Found the +11 plutonium sword {*Contam Stlth-}
     1 | D        | Found the +8 lance "Wyrmbane" {slay drac, rPois rF+ rC+
                  | AC+3}
     1 | D        | Found the +9 sword of Zonguldrok {reap}
     1 | D        | Found the cursed +13 scythe of Curses {drain, *Curse}
     1 | D        | Found the +5 sword of Power {vorpal}
     1 | D        | Found the +7 mace of Variability {chain chaos}
     1 | D        | Found the +7 Singing Sword {vorpal, sonic wave}
     1 | D        | Found the +8 storm bow {elec, penet}
     2 | D        | Found a transporter.
     2 | D        | Found an ancient bone altar of Kikubaaqudgha.
     2 | D        | Found a viscous altar of Jiyva.
     2 | D        | Found a corrupted altar of Lugonu.
     2 | D        | Found a hazy altar of Hepliaklqana.
     2 | D        | Found a burning altar of Makhleb.
     2 | D        | Found an opulent altar of Gozag.
    55 | D        | Became a worshipper of Cheibriados the Contemplative
    55 | D        | Reached * piety under Cheibriados
    55 | D        | Reached ** piety under Cheibriados
    66 | D        | Reached skill level 6 in Unarmed Combat
    66 | D        | Reached XP level 2. HP: 32/32 MP: 1/1
    89 | D        | Entered arena 2.
    89 | D        | Noticed a scorpion
    89 | D        | Noticed a jumping spider
    89 | D        | Found a transporter.
    95 | D        | Killed a scorpion
    96 | D        | Reached skill level 7 in Unarmed Combat
    96 | D        | Reached XP level 3. HP: 33/40 MP: 2/2
   105 | D        | Killed a jumping spider
   106 | D        | Reached skill level 5 in Fighting
   106 | D        | Reached skill level 5 in Shields
   106 | D        | Reached skill level 9 in Unarmed Combat
   106 | D        | Reached XP level 4. HP: 35/52 MP: 3/3
   106 | D        | Reached XP level 5. HP: 39/59 MP: 4/4
   144 | D        | Entered arena 3.
   144 | D        | Found a transporter.
   145 | D        | Identified the cursed ring of Plog {+Fly rPois Str-4 Int+3
                  | Dex-2}
   149 | D        | Reached *** piety under Cheibriados
   155 | D        | Entered arena 4.
   155 | D        | Noticed a tarantella
   155 | D        | Found a transporter.
   165 | D        | Killed a tarantella
   166 | D        | Reached skill level 10 in Unarmed Combat
   166 | D        | Reached XP level 6. HP: 39/68 MP: 5/5
   170 | D        | Reached **** piety under Cheibriados
   173 | D        | Reached skill level 11 in Unarmed Combat
   173 | D        | Reached XP level 7. HP: 40/76 MP: 6/6
   329 | D        | Entered arena 5.
   329 | D        | Noticed a spriggan
   329 | D        | Noticed a spriggan
   329 | D        | Found a transporter.
   331 | D        | Killed a spriggan
   331 | D        | Reached ***** piety under Cheibriados
   340 | D        | Killed a spriggan
   341 | D        | Reached skill level 12 in Unarmed Combat
   354 | D        | Reached XP level 8. HP: 88/88 MP: 7/7
   359 | D        | Entered arena 6.
   359 | D        | Found a transporter.
   360 | D        | Found the +2 ratskin cloak {*Rats rPois rN+ Str-1 Int-1
                  | Dex+1}
   365 | D        | Reached ****** piety under Cheibriados
   366 | D        | Reached skill level 13 in Unarmed Combat
   374 | D        | Entered arena 7.
   374 | D        | Noticed a cyclops
   374 | D        | Noticed a wind drake
   374 | D        | Noticed a merfolk
   374 | D        | Noticed a wind drake
   374 | D        | Noticed a wind drake
   375 | D        | Found a transporter.
   383 | D        | Killed a wind drake
   383 | D        | Killed a wind drake
   383 | D        | Killed a cyclops
   383 | D        | Killed a wind drake
   384 | D        | Reached skill level 14 in Unarmed Combat
   384 | D        | Reached XP level 9. HP: 42/98 MP: 2/8
   385 | D        | Killed a merfolk
   532 | D        | Got the ring "Muome" {Will+ MP+9 Slay+4}
   535 | D        | Entered arena 8.
   535 | D        | Noticed a deep elf mage
   535 | D        | Noticed a deep elf archer
   535 | D        | Noticed a deep elf knight
   535 | D        | Noticed a deep elf mage
   535 | D        | Noticed a deep elf mage
   536 | D        | Found a transporter.
   537 | D        | Noticed a demonic crawler
   540 | D        | Noticed a demonic crawler
   540 | D        | Killed a deep elf mage
   541 | D        | Reached skill level 15 in Unarmed Combat
   548 | D        | Noticed a soul eater
   548 | D        | Killed a deep elf knight
   549 | D        | Reached skill level 10 in Fighting
   551 | D        | Noticed a red devil
   552 | D        | Killed a deep elf mage
   553 | D        | Reached skill level 16 in Unarmed Combat
   553 | D        | Reached XP level 10. HP: 8/110 MP: 9/9
   555 | D        | Noticed a sixfirhy
   555 | D        | HP: 5/110 [poisoned by a redback]
   555 | D        | Demolished by a deep elf archer

Illustrated notes

Levels and vault maps discovered:
D:        sprint_v [room_start, room_1, room_2, room_3, room_4, room_5, room_6,
          room_7, room_8, room_9, room_10, room_11, room_12, room_13, room_14,
          room_15, room_16, room_17, room_18, room_19, room_20, room_21,
          room_22, room_23, room_24, room_25, room_26, room_27]

Skill      XL: |  1  2  3  4  5  6  7  8  9 |
---------------+----------------------------+-----
Fighting       | 3 4 5 6 7 9 10 | 10.3
Shields        | 2 3 5 6 7 9 |  9.9
Unarmed Combat | 6 7 9 10 11 12 14 16 | 16.0
Dodging        | |  2.4
Stealth        | |  1.0

Action                   |  1- 3 |  4- 6 |  7- 9 | 10-12 || total
-------------------------+-------+-------+-------+-------++-------
Melee: Unarmed           |    11 |    12 |    46 |     1 ||    70
Invok: Slouch            |       |       |     1 |       ||     1
Evoke: Lightning rod     |     2 |       |       |       ||     2
       Condenser vane    |       |       |     1 |       ||     1
  Use: Potion            |     1 |     3 |       |       ||     4
 Stab: Invisible         |       |     1 |       |       ||     1
Armor: Gold dragon scale |    11 |    20 |    63 |     5 ||    99
Dodge: Dodged            |       |     2 |    10 |     1 ||    13
Block: Tower shield      |    20 |     2 |   106 |    10 ||   138

Table legend: (Time is in decaauts)
 A = Elapsed time spent in this place.
 B = Non-inter-level travel time spent in this place.
 C = Inter-level travel time spent in this place.
 D = Time resting spent in this place.
 E = Time spent auto-exploring this place.
 F = Levels seen in this place.
 G = Mean time per level.
                   A        B        C        D        E       F      G
               +--------+--------+--------+--------+--------+-----+--------+
         Total |    596 |    596 |      0 |    316 |     21 |   1 |  596.0 |
       Dungeon |    596 |    596 |      0 |    316 |     21 |   1 |  596.0 |
               +--------+--------+--------+--------+--------+-----+--------+

Top non-repeatable levels by time:
       D: 596 daAuts
